 Dungeon Crawl Stone Soup version 0.29.1-15-g9cfb28693d (webtiles) character file.

Game seed: 2800489440115090185

21166 hero57213 the Spear-Bearer (level 12, -4/110 HPs)
             Began as a Minotaur Fighter on Mar 6, 2023.
             Was a Believer of Trog.
             Slain by a boulder beetle (56 damage)
             ... on level 11 of the Dungeon.
             The game lasted 00:46:24 (14385 turns).

hero57213 the Spear-Bearer (Minotaur Fighter)      Turns: 14385, Time: 00:46:25

Health: -4/110     AC: 16    Str: 26    XL:     12   Next: 51%
Magic:  11/11      EV: 13    Int:  5    God:    Trog [**....]
Gold:   755        SH:  6    Dex: 10    Spells: 11/11 levels left

rFire   . . .      SeeInvis .   P - +6 spear (vorpal)
rCold   . . .      Faith    .   c - +0 buckler
rNeg    . . .      Spirit   .   I - +3 troll leather armour {Snorg}
rPois   .          Reflect  .   (helmet restricted)
rElec   .          Harm     .   R - +0 cloak
rCorr   .          Rampage  .   s - +0 pair of gloves
Will    .....                   (no boots)
Stlth   ++........              N - amulet of the acrobat
HPRegen 1.08/turn               l - +4 ring of protection
MPRegen 0.12/turn               (no ring)

@: no status effects
A: horns 2, retaliatory headbutt
a: Renounce Religion, Berserk, Trog's Hand


You were on level 11 of the Dungeon.
You worshipped Trog.
Trog was pleased with you.
You visited 2 branches of the dungeon, and saw 12 of its levels.
You also visited: Sewer.

You collected 755 gold pieces.

Inventory:

Hand Weapons
 a - a +0 long sword
 w - the +4 arbalest of Insufficient Pleasure {penet, Str+3}
   (You found it on level 3 of the Dungeon)

   Any ammunition fired by it passes through the targets it hits, potentially
   hitting all targets in its path until it reaches maximum range.
   Str:       It affects your strength (+3).
 P - a +6 vorpal spear (weapon)
 U - a +2 flail of holy wrath
Missiles
 i - 4 boomerangs (quivered)
 Q - a javelin
 X - a poisoned dart
Armour
 b - a +0 scale mail
 c - a +0 buckler (worn)
 s - a +0 pair of gloves (worn)
 I - a +3 troll leather armour (worn) {Snorg}
 R - a +0 cloak (worn)
 Y - a +0 helmet
Jewellery
 h - an amulet of regeneration
 l - a +4 ring of protection (left hand)
 N - an amulet of the acrobat (around neck)
 S - an amulet of reflection
 V - a ring of fire
 W - a ring of resist corrosion
Wands
 C - a wand of charming (15)
 J - a wand of roots (1)
 L - a wand of digging (7)
 T - a wand of flame (5)
Scrolls
 e - 2 scrolls of identify
 f - 2 scrolls of fear {unknown}
 g - 3 scrolls of brand weapon {unknown}
 m - 3 scrolls of fog {unknown}
 n - 2 scrolls of magic mapping {unknown}
 q - 5 scrolls of silence
 x - 2 scrolls of amnesia {unknown}
 y - 4 scrolls of blinking
 A - 3 scrolls of acquirement {unknown}
 D - 3 scrolls of teleportation {unknown}
 F - 3 scrolls of immolation {unknown}
 H - a scroll of enchant armour {unknown}
 K - a scroll of torment {unknown}
 M - 4 scrolls of vulnerability
Potions
 j - a potion of heal wounds
 k - a potion of curing
 o - 4 potions of attraction
 p - a potion of degeneration {unknown}
 r - a potion of resistance {unknown}
 t - 4 potions of mutation
 u - a potion of invisibility {unknown}
 z - 2 potions of ambrosia {unknown}
 E - a potion of brilliance {unknown}
 G - 2 potions of haste {unknown}
 Z - a potion of cancellation {unknown}
Miscellaneous
 B - a phial of floods


   Skills:
 + Level 11.2 Fighting
 + Level 3.2 Long Blades
 + Level 13.3 Polearms
 + Level 4.4 Throwing
 + Level 11.7 Armour
 + Level 7.8 Dodging
 + Level 3.4 Stealth
 + Level 9.4 Shields
 + Level 2.8 Evocations


You had 11 spell levels left.
You didn't know any spells.
Your spell library contained the following spells:

 Spells                   Type           Power      Damage    Failure   Level
 Apportation              Tloc           0%         N/A       58%         1
 Magic Dart               Conj           0%         1d3       58%         1
 Summon Small Mammal      Summ           0%         N/A       58%         1
 Blink                    Tloc           0%         N/A       73%         2
 Ensorcelled Hibernation  Hex/Ice        0%         N/A       73%         2
 Searing Ray              Conj           0%         2d4       73%         2
 Call Canine Familiar     Summ           0%         N/A       91%         3
 Lesser Beckoning         Tloc           0%         N/A       91%         3
 Spider Form              Tmut/Pois      0%         N/A       91%         3
 Summon Guardian Golem    Hex/Summ       0%         N/A       91%         3
 Anguish                  Hex/Necr       0%         N/A       100%        4
 Fulminant Prism          Conj/Hex       0%         3d6       100%        4
 Alistair's Intoxication  Tmut/Pois      0%         N/A       100%        5
 Borgnjor's Vile Clutch   Necr/Erth      0%         N/A       100%        5
 Manifold Assault         Tloc           0%         N/A       100%        5
 Eringya's Noxious Bog    Tmut/Pois      0%         N/A       100%        6


Dungeon Overview and Level Annotations

Branches:
Dungeon (11/15)            Temple (1/1) D:7            Lair (0/5) D:9
  Sewer (visited)
    Orc: D:9-12

Altars:
Ashenzari
Cheibriados
Dithmenos
Elyvilon
Fedhas
Gozag
Hepliaklqana
Kikubaaqudgha
Makhleb
Nemelex Xobeh
Okawaru
Qazlal
Ru
Sif Muna
Trog
Uskayaw
Vehumet
Wu Jian
Xom
Yredelemnul
Zin
The Shining One
Ignis


Innate Abilities, Weirdness & Mutations

You have a pair of horns on your head.
You reflexively headbutt those who attack you in melee.


Message History

Items here: ! " $ )) ?.
Throw: javelin
Press: ? - help, Q - select action, (/) - cycle Shift-Dir - straight line, f - boulder beetle
Aim: a boulder beetle (rolling, 90% to hit)
You throw a javelin.
The javelin pierces through the boulder beetle but does no damage.
The boulder beetle hits you!!
The boulder beetle stops rolling and uncurls.
Throw: 4 boomerangs
Press: ? - help, Q - select action, (/) - cycle Shift-Dir - straight line, f/p - boulder beetle
Aim: a boulder beetle (90% to hit)
You throw a boomerang. The boomerang hits the boulder beetle!
The boulder beetle is lightly wounded.
The boulder beetle closely misses you.
Throw: 4 boomerangs
Press: ? - help, Q - select action, (/) - cycle Shift-Dir - straight line, f/p - boulder beetle
Aim: a boulder beetle (lightly wounded, 90% to hit)
You throw a boomerang.
The boomerang hits the boulder beetle but does no damage.
The boulder beetle is lightly wounded.
The boulder beetle bites you!
The boulder beetle attacks as you move away!
The boulder beetle misses you.
The boulder beetle curls into a ball and begins rolling!
You see here a poisoned dart.
X - a poisoned dart The boulder beetle hits you!!
The boulder beetle stops rolling and uncurls.
The boulder beetle curls into a ball and begins rolling!
The boulder beetle attacks as you move away!
The boulder beetle completely misses you.
You furiously retaliate!
You headbutt the boulder beetle, but do no damage.
The boulder beetle stops rolling and uncurls.
The boulder beetle curls into a ball and begins rolling!
You see here a javelin.
Q - a javelin The boulder beetle hits you!!!
Ouch! That really hurt!
You die...

#...#......###
#...#....).#.##
#.......#[....#
#.....####....#####
#............##...##
#.......#..........#
###.....##..........#
#.##.<.......°......#
..##..........°B@...##
.###.................#
#..#...†.............#
#B.#.........##...##.#
#c##(.....((..#...# ..
.#†#....#.......### ..
[#.'....#............#
.
.#.#....####.......#..
#.##....# #..#.#..#


You could see a boulder beetle (rolling).

Vanquished Creatures
  Snorg (D:10)
  3 boulder beetles
  2 centaur warriors (D:11)
  3 two-headed ogres
  A tengu warrior (D:11)
  Pikel (D:5)
  A manticore (D:11)
  A cyclops (D:11)
  2 komodo dragons
  2 kobold demonologists
  A tengu conjurer (D:11)
  4 trolls
  A raiju (shapeshifter) (D:11)
  3 slime creatures (D:10)
  3 shadows (D:11)
  A wraith (D:6)
  37 yaks
  Eustachio (D:6)
  3 wyverns
  A vampire mosquito (D:6)
  4 steam dragons
  2 water moccasins
  A meliai simulacrum (D:11)
  6 orc warriors
  5 ice beasts
  An ogre (D:4)
  A sky beast (D:6)
  4 centaurs
  A lemure (D:5)
  3 kobold brigands
  4 bullfrogs
  2 scorpions
  3 necrophages
  A gnoll sergeant (D:7)
  2 wights
  A killer bee (D:8)
  The ghost of leafyfresh the Sneak, a weakling OpDe (D:4)
  7 howler monkeys
  A gnoll bouda (D:6)
  2 hounds
  A jelly (D:4)
  6 orc priests
  4 iguanas
  9 orc wizards
  A hound zombie (D:4)
  Robin (D:2)
  6 adders
  16 gnolls
  2 river rats (D:5)
  A shadow imp (D:6)
  An ufetubus (D:6)
  An adder zombie (D:4)
  A worm (D:2)
  3 dart slugs
  25 orcs
  11 bats
  6 endoplasms
  7 giant cockroaches
  39 goblins
  30 hobgoblins
  3 jackals (D:1)
  2 quokkas
  10 ball pythons
  3 frilled lizards
  28 kobolds
  10 rats
351 creatures vanquished.

Vanquished Creatures (collateral kills)
  2 kobolds (Sewer)
2 creatures vanquished.

Vanquished Creatures (others)
  A lemure (D:5)
  21 plants
22 creatures vanquished.

Grand Total: 375 creatures vanquished

Notes
Turn   | Place    | Note
-------+----------+-------------------------------------------
     0 | D:1      | hero57213 the Minotaur Fighter began the quest for the Orb.
     0 | D:1      | Reached XP level 1. HP: 19/19 MP: 0/0
   133 | D:1      | Reached XP level 2. HP: 27/27 MP: 1/1
   746 | D:2      | Reached XP level 3. HP: 33/33 MP: 2/2
  1267 | D:2      | Found a faded altar of an unknown god.
  1286 | D:2      | Noticed Robin
  1322 | D:1      | Reached skill level 1 in Polearms
  1530 | D:2      | Killed Robin
  1531 | D:2      | Reached XP level 4. HP: 30/40 MP: 3/3
  2095 | D:3      | Found a white marble altar of Elyvilon.
  2196 | D:3      | Reached skill level 2 in Polearms
  2196 | D:3      | Reached skill level 1 in Dodging
  2196 | D:3      | Reached XP level 5. HP: 45/47 MP: 4/4
  2286 | D:3      | Found a shadowy altar of Dithmenos.
  2292 | D:3      | Identified the +4 arbalest of Insufficient Pleasure {penet,
                  | Str+3}
  2711 | D:4      | Reached skill level 3 in Polearms
  2711 | D:4      | Reached XP level 6. HP: 45/53 MP: 5/5
  2808 | D:4      | Found an iron altar of Okawaru.
  2985 | D:4      | Found a runed translucent gate.
  2985 | D:4      | Found a runed translucent gate.
  2985 | D:4      | Noticed leafyfresh's ghost (weakling OpDe)
  2987 | D:4      | Found a runed translucent gate.
  2989 | D:4      | Found a basalt altar of Yredelemnul.
  3012 | D:4      | Killed leafyfresh's ghost
  3013 | D:4      | Reached skill level 4 in Polearms
  3013 | D:4      | Reached skill level 5 in Armour
  3308 | D:5      | Entered Level 5 of the Dungeon
  3390 | D:5      | Found an ornate altar of the Wu Jian Council.
  3403 | D:5      | Reached skill level 5 in Shields
  3403 | D:5      | Reached XP level 7. HP: 44/60 MP: 6/6
  3673 | D:5      | Found a glowing drain.
  3697 | Sewer    | Entered a sewer
  3767 | Sewer    | Reached skill level 5 in Fighting
  3767 | Sewer    | Reached skill level 5 in Polearms
  4282 | D:5      | Noticed Pikel
  4340 | D:5      | Killed Pikel
  4341 | D:5      | Reached skill level 6 in Polearms
  4341 | D:5      | Reached skill level 1 in Throwing
  4341 | D:5      | Reached XP level 8. HP: 17/69 MP: 7/7
  4707 | D:5      | Reached skill level 1 in Stealth
  5530 | D:6      | Reached skill level 7 in Polearms
  5624 | D:6      | Noticed Eustachio
  5636 | D:6      | Killed Eustachio
  5962 | D:6      | Reached skill level 8 in Polearms
  5962 | D:6      | Reached XP level 9. HP: 19/78 MP: 8/8
  7853 | D:7      | Found a staircase to the Ecumenical Temple.
  7867 | Temple   | Entered the Ecumenical Temple
  8240 | D:7      | Reached skill level 9 in Polearms
  8455 | D:8      | Reached XP level 10. HP: 76/86 MP: 9/9
  8466 | D:8      | Reached skill level 5 in Dodging
  8476 | D:8      | Reached skill level 10 in Polearms
  8731 | D:8      | Found a stormy altar of Qazlal.
  9923 | D:9      | Reached skill level 11 in Polearms
 10081 | D:9      | Found a sacrificial altar of Ru.
 10161 | D:9      | Reached skill level 10 in Armour
 10268 | D:9      | Found a staircase to the Lair.
 10719 | D:9      | Reached XP level 11. HP: 96/97 MP: 10/10
 11061 | D:10     | Entered Level 10 of the Dungeon
 11077 | D:10     | Found a bloodstained altar of Trog.
 11119 | D:10     | Became a worshipper of Trog the Wrathful
 11489 | D:10     | Found a snail-covered altar of Cheibriados.
 11535 | D:10     | Noticed Snorg
 11550 | D:10     | HP: 2/97 [Snorg (4)]
 11554 | D:10     | Killed Snorg
 11989 | D:10     | Found a hazy altar of Hepliaklqana.
 12068 | D:10     | Reached skill level 1 in Evocations
 12071 | D:10     | Reached skill level 12 in Polearms
 12123 | D:10     | Noticed a two-headed ogre
 12128 | D:10     | Killed a two-headed ogre
 12381 | D:10     | Reached * piety under Trog
 13305 | D:11     | Noticed a two-headed ogre
 13313 | D:11     | Killed a two-headed ogre
 13314 | D:11     | Reached skill level 10 in Fighting
 13451 | D:11     | Noticed a two-headed ogre
 13464 | D:11     | Killed a two-headed ogre
 13541 | D:11     | Noticed a centaur warrior
 13542 | D:11     | Noticed a centaur warrior
 13542 | D:11     | Noticed a boulder beetle
 13543 | D:11     | Noticed a tengu warrior
 13546 | D:11     | Noticed a boulder beetle
 13790 | D:11     | Reached XP level 12. HP: 108/108 MP: 11/11
 13794 | D:11     | Reached ** piety under Trog
 13813 | D:11     | Killed a centaur warrior
 13814 | D:11     | Reached skill level 13 in Polearms
 13818 | D:11     | Killed a centaur warrior
 13828 | D:11     | Killed a tengu warrior
 13890 | D:11     | Noticed a boulder beetle
 13960 | D:11     | Killed a boulder beetle
 14095 | D:11     | Noticed a two-headed ogre
 14098 | D:11     | Noticed a boulder beetle
 14140 | D:11     | Killed a boulder beetle
 14240 | D:10     | Killed a boulder beetle
 14385 | D:11     | Slain by a boulder beetle

Illustrated notes

Levels and vault maps discovered:
D:1:      wander_arrival_desolate, layout_loops_ring, supply_closet_lemuel
D:2:      layout_basic, basic_ecumenical_altar, uniq_robin
D:3:      layout_basic, elyvilon_altar_3, mainiacjoe_overflow_alcove_2
D:4:      layout_rooms, nicolae_yredelemnul_ghost_church,
          kennysheep_okawaru_gauntlet
D:5:      minmay_goblin_kobold_castle, layout_basic, overflow_temple_1_default,
          portal_sewer_entry_e, uniq_pikel
D:6:      layout_basic, minmay_fractal_squares_5, uniq_eustachio
D:7:      layout_cave_pools, minmay_temple_entry_glassed_door,
          dreamdust_princess_corridor
D:8:      layout_cave_pools, grunt_qazlal_clouds, minmay_misc_feat_ornament,
          st_stairs_8
D:9:      layout_roguey, kennysheep_little_box, david_lair_shrubbed,
          grunt_ministairs_11, st_stairs_4
D:10:     minmay_weird_star, layout_layer_cave, nzn_hepliaklqana_mist_gate,
          nicolae_overflow_crystal_walls, mainiacjoe_overflow_small_starburst,
          moated_statue, lightli_corner_chamber, uniq_snorg
D:11:     minmay_the_grid_square_5x5_4x4_mashed
          [minmay_the_grid_square_5x5_comb,
          minmay_the_grid_square_5x5_hourglass,
          minmay_the_grid_square_5x5_tri_point,
          minmay_the_grid_square_5x5_seven, minmay_the_grid_square_5x5_inner_z,
          minmay_the_grid_square_5x5_prize_itemx,
          minmay_the_grid_square_5x5_prize_gold,
          minmay_the_grid_square_5x5_inner_i,
          minmay_the_grid_square_5x5_almost_minimal,
          minmay_the_grid_square_5x5_prize_open,
          minmay_the_grid_square_5x5_prize_junk, minmay_the_grid_square_5x5_meh,
          minmay_the_grid_square_5x5_eight_small,
          minmay_the_grid_square_5x5_tetrominoes,
          minmay_the_grid_square_5x5_longway,
          minmay_the_grid_square_5x5_minimal], layout_cave_pools
Temple:   pdpol_scorched_temple

Skill      XL: |  1  2  3  4  5  6  7  8  9 10 11 12 |
---------------+-------------------------------------+-----
Shields        | 4 5 6 7 8 9 |  9.4
Armour         | 4 5 6 7 9 10 11 | 11.7
Fighting       | 4 5 6 7 9 10 11 | 11.2
Long Blades    | 3 |  3.2
Polearms       | 1 2 3 4 6 8 9 11 12 13 | 13.3
Dodging        | 1 2 3 4 5 6 7 |  7.8
Throwing       | 1 2 4 |  4.4
Stealth        | 1 2 3 |  3.4
Evocations     | 2 |  2.8

Action                   |  1- 3 |  4- 6 |  7- 9 | 10-12 || total
-------------------------+-------+-------+-------+-------++-------
Melee: Long sword        |    28 |       |       |       ||    28
       Headbutt          |     8 |    13 |    64 |   125 ||   210
       Spear             |    46 |   121 |   380 |   564 ||  1111
Throw: Boomerang         |     3 |       |    13 |    13 ||    29
       Javelin           |       |       |    19 |    11 ||    30
       Dart              |       |       |       |    17 ||    17
       Throwing net      |       |       |       |     1 ||     1
Evoke: Wand              |       |       |     2 |    24 ||    26
  Use: Potion            |       |     1 |       |    15 ||    16
       Scroll            |       |       |       |     7 ||     7
 Stab: Sleeping          |       |       |       |     1 ||     1
Armor: Scale mail        |    49 |    52 |   183 |    67 ||   351
       Troll leather arm |       |       |       |    72 ||    72
Dodge: Dodged            |    60 |    40 |   215 |   277 ||   592
Block: Buckler           |    29 |    26 |   100 |   105 ||   260
